 Dungeon Crawl Stone Soup version 0.30-a0-134-gb40fab5c76 (webtiles) character file.

Game seed: 3800826876920184648

1040 Jerej03 the Covered (level 8, -3/69 HPs)
             Began as a Minotaur Fighter on Sept 19, 2022.
             Slain by a mummy (11 damage)
             ... in an ossuary on June 21, 2023.
             The game lasted 00:20:46 (4300 turns).

Jerej03 the Covered (Minotaur Fighter)              Turns: 4300, Time: 00:20:46

Health: -3/69      AC:  5    Str: 23    XL:     8   Next: 4%
Magic:  10/10      EV: 11    Int: 11    God:
Gold:   283        SH:  4    Dex: 10    Spells: 7/11 levels left

rFire   . . .      SeeInvis .    t - +4 whip
rCold   . . .      Faith    .    c - +0 buckler
rNeg    . . .      Spirit   .    q - +2 leather armour of Raircheat {Regen+}
rPois   .          Reflect  .    (helmet restricted)
rElec   .          Harm     .    (no cloak)
rCorr   .          Rampage  .    (no gloves)
Will    .....                    (no boots)
Stlth   +.........               (no amulet)
HPRegen 1.01/turn                u - +6 ring of intelligence
MPRegen 0.12/turn                (no ring)

@: hasted, very quick
A: horns 2, retaliatory headbutt
a: no special abilities


You were in an ossuary.
You visited 1 branch of the dungeon, and saw 5 of its levels.
You also visited: Ossuary.

You collected 307 gold pieces.
You spent 24 gold pieces at shops.

Inventory:

Hand Weapons
 a - a +0 flail
 t - a +4 whip (weapon)
Missiles
 w - 5 poisoned darts
Armour
 b - a +0 scale mail
 c - a +0 buckler (worn)
 q - the +2 leather armour of Raircheat (worn) {Regen+}
   (You found it on level 4 of the Dungeon)

   Regen:     It increases your rate of health regeneration.
 v - a scarf of shadows
Jewellery
 u - a +6 ring of intelligence (left hand)
Wands
 d - a wand of iceblast (2) (quivered)
Scrolls
 e - 3 scrolls of blinking {unknown}
 f - a scroll of fog {unknown}
 g - 2 scrolls of teleportation {unknown}
 h - 4 scrolls of identify
 j - 2 scrolls of summoning {unknown}
 l - 2 scrolls of fear {unknown}
 n - a scroll of poison {unknown}
 r - 2 scrolls of immolation {unknown}
 s - a scroll of enchant weapon {unknown}
Potions
 i - a potion of flight {unknown}
 k - 3 potions of lignification {unknown}
 m - 2 potions of haste
 o - 3 potions of magic {unknown}
 p - a potion of curing {unknown}
 x - a potion of degeneration {unknown}
 z - a potion of brilliance {unknown}
 A - 2 potions of attraction {unknown}


   Skills:
 + Level 5.5 Fighting
 + Level 5.9 Maces & Flails
 + Level 6.2 Armour
 + Level 2.3 Dodging
 + Level 1.0 Stealth
 + Level 4.6 Shields
 + Level 2.1 Spellcasting
 + Level 1.7 Summonings
 + Level 0.7 Ice Magic


You had 7 spell levels left.
You knew the following spells:

 Your Spells              Type           Power      Damage    Failure   Level
a - Summon Small Mammal   Summ           20%        N/A       21%         1
b - Frozen Ramparts       Ice            4%         1d1       67%         3

Your spell library contained the following spells:

 Spells                   Type           Power      Damage    Failure   Level
 Call Canine Familiar     Summ           5%         N/A       52%         3
 Summon Guardian Golem    Hex/Summ       3%         N/A       65%         3
 Portal Projectile        Hex/Tloc       2%         N/A       77%         3
 Tukima's Dance           Hex            1%         N/A       77%         3
 Summon Ice Beast         Ice/Summ       3%         N/A       94%         4
 Ice Form                 Ice/Tmut       1%         N/A       98%         4
 Blade Hands              Tmut           0%         N/A       100%        5


Dungeon Overview and Level Annotations

Branches:
Dungeon (5/15)            Ossuary (1/1)
 Temple: D:4-7

Altars:
Hepliaklqana

Shops:
D:1 (?=


Innate Abilities, Weirdness & Mutations

You have a pair of horns on your head.
You reflexively headbutt those who attack you in melee.


Message History

The mummy is moderately damaged.
The mummy hits you!
You hit the mummy.
The mummy is severely damaged.
You block the mummy's attack.
You whack the mummy!
You destroy the mummy!
The mummy hits you but does no damage.
You hit the bullfrog zombie.
The bullfrog zombie is moderately damaged.
The bullfrog zombie misses you. You furiously retaliate!
You headbutt the bullfrog zombie! The mummy barely misses you.
You hit the bullfrog zombie.
Your headbutt misses the bullfrog zombie.
The bullfrog zombie is almost destroyed.
The bullfrog zombie hits you. The mummy hits you but does no damage.
You hit the bullfrog zombie.
Your headbutt misses the bullfrog zombie.
The bullfrog zombie is almost destroyed.
You block the bullfrog zombie's attack. The mummy hits you.
You hit the bullfrog zombie.
You destroy the bullfrog zombie!
The mummy closely misses you. You furiously retaliate!
You headbutt the mummy.
You have reached level 8!
You feel agile.
You closely miss the mummy.
The mummy is heavily damaged.
The mummy hits you!
You hit the mummy.
The mummy is severely damaged.
The mummy hits you!
* * * LOW HITPOINT WARNING * * *
You feel yourself speed up. The mummy hits you!
* * * LOW HITPOINT WARNING * * *
You whack the mummy!
You destroy the mummy!
You hit the mummy. You headbutt the mummy.
The mummy is heavily damaged.
The mummy hits you!
You die...

#≈ ##~#
##P~.
#~~~ .M~
###~#####
#.'~#...#
#.'.ZM#
#.'.#..@#
###.#####
'.+ ##M#
'.# #.+
M.# #.#


You could see a mummy and a centaur zombie.

Vanquished Creatures
  A hornet zombie (Ossuary)
  2 black bears
  A phantom (D:5)
  A scorpion (D:5)
  A bullfrog zombie (Ossuary)
  6 hounds
  An orc priest (D:4)
  2 iguanas
  Natasha (thrice) (D:3)
  A killer bee zombie (Ossuary)
  4 mummies (Ossuary)
  6 adders
  3 gnolls (D:3)
  4 worms
  2 dart slugs
  12 orcs
  6 ball pythons
  3 endoplasms
  2 giant cockroaches (D:1)
  5 goblins
  10 hobgoblins
  3 jackals (D:1)
  5 quokkas
  6 bats
  3 kobolds
  10 rats
103 creatures vanquished.

Vanquished Creatures (others)
  15 plants (D:5)
  3 withered plants (Ossuary)
18 creatures vanquished.

Grand Total: 121 creatures vanquished

Notes
Turn   | Place    | Note
-------+----------+-------------------------------------------
     0 | D:1      | Jerej03 the Minotaur Fighter began the quest for the Orb.
     0 | D:1      | Reached XP level 1. HP: 19/19 MP: 0/0
   183 | D:1      | Reached XP level 2. HP: 27/27 MP: 1/1
   202 | D:1      | Found Pyll's Magic Scroll Boutique.
   205 | D:1      | Bought a scroll of identify for 24 gold pieces
   220 | D:1      | Reached skill level 4 in Armour
   241 | D:1      | Found Samot's Jewellery Shop.
   293 | D:1      | Found Ymathracauci's Weapon Shoppe.
   442 | D:1      | Reached XP level 3. HP: 26/33 MP: 2/2
   950 | D:2      | Found a faded altar of an unknown god.
  1219 | D:2      | Learned a level 1 spell: Summon Small Mammal
  1464 | D:2      | Reached XP level 4. HP: 39/40 MP: 0/3
  1860 | D:3      | Noticed Natasha
  1863 | D:3      | Killed Natasha
  1915 | D:3      | Reached XP level 5. HP: 33/46 MP: 4/4
  1916 | D:3      | Reached skill level 5 in Armour
  2316 | D:3      | Noticed Natasha
  2324 | D:3      | Killed Natasha
  2690 | D:3      | Noticed Natasha
  2695 | D:3      | Killed Natasha
  2857 | D:4      | Identified the +2 leather armour of Raircheat {Regen+}
  3102 | D:4      | Reached skill level 1 in Summonings
  3203 | D:4      | Reached XP level 6. HP: 52/52 MP: 6/6
  3371 | D:4      | Reached skill level 6 in Armour
  3371 | D:4      | Reached skill level 1 in Spellcasting
  3372 | D:4      | Reached skill level 1 in Dodging
  3376 | D:4      | Learned a level 3 spell: Frozen Ramparts
  3547 | D:4      | Found a hazy altar of Hepliaklqana.
  3979 | D:5      | Entered Level 5 of the Dungeon
  4032 | D:5      | Reached XP level 7. HP: 60/60 MP: 8/8
  4047 | D:5      | Reached skill level 5 in Maces & Flails
  4240 | D:5      | Found a sand-covered staircase.
  4251 | Ossuary  | Entered an ossuary
  4266 | Ossuary  | Reached skill level 5 in Fighting
  4289 | Ossuary  | Reached skill level 1 in Stealth
  4296 | Ossuary  | Reached XP level 8. HP: 36/69 MP: 10/10
  4300 | Ossuary  | Slain by a mummy

Illustrated notes

Levels and vault maps discovered:
D:1:      dpeg_arrival_tiny_j, layout_rooms, serial_shops, nicolae_shop_trees,
          shop, nicolae_shop_window_shopping
D:2:      layout_loops_ring, hellmonk_ecumenical_altar_lost_god
D:3:      layout_loops_ring, guppyfry_early_orc_mine, uniq_natasha
D:4:      layout_loops_corners, nicolae_hepliaklqana_hippocampus
D:5:      layout_rooms, lemuel_temple_firewalk_a, serial_bayou,
          serial_bayou_lake_a, serial_bayou_pond_d, serial_bayou_ford_a,
          serial_bayou_pond_e, serial_bayou_pond_e, enter_ossuary_2
Ossuary:  ossuary_zaba_flooded

Skill      XL: |  1  2  3  4  5  6  7 |
---------------+----------------------+-----
Armour         | 4 5 6 |  6.2
Fighting       | 4 5 |  5.5
Shields        | 4 |  4.6
Maces & Flails | 3 4 5 |  5.9
Summonings     | 1 |  1.7
Spellcasting   | 1 2 |  2.1
Dodging        | 1 2 |  2.3
Stealth        | 1 |  1.0
Ice Magic      | |  0.7

Action                   |  1- 3 |  4- 6 |  7- 9 || total
-------------------------+-------+-------+-------++-------
Melee: Flail             |    94 |    87 |       ||   181
       Headbutt          |     9 |    20 |    13 ||    42
       Whip              |       |    48 |    84 ||   132
 Cast: Summon Small Mamm |     1 |     9 |       ||    10
       Frozen Ramparts   |       |     1 |       ||     1
Evoke: Wand              |       |     1 |       ||     1
  Use: Potion            |       |     4 |     1 ||     5
Armor: Scale mail        |    47 |    27 |       ||    74
       Leather armour    |       |    19 |    17 ||    36
Dodge: Dodged            |    43 |    63 |    42 ||   148
Block: Buckler           |    27 |    20 |    18 ||    65

Table legend: (Time is in decaauts)
 A = Elapsed time spent in this place.
 B = Non-inter-level travel time spent in this place.
 C = Inter-level travel time spent in this place.
 D = Time resting spent in this place.
 E = Time spent auto-exploring this place.
 F = Levels seen in this place.
 G = Mean time per level.
                   A        B        C        D        E       F      G
               +--------+--------+--------+--------+--------+-----+--------+
         Total |   4337 |   4247 |     90 |    243 |   3130 |   6 |  722.8 |
       Dungeon |   4293 |   4203 |     90 |    243 |   3130 |   5 |  858.6 |
       Ossuary |     43 |     43 |      0 |      0 |      0 |   1 |   43.0 |
               +--------+--------+--------+--------+--------+-----+--------+

Top non-repeatable levels by time:
     D:3: 1243 daAuts
     D:4: 1126 daAuts
     D:2: 1023 daAuts
     D:1: 631 daAuts
     D:5: 270 daAuts
 Ossuary: 43 daAuts
